 Dungeon Crawl Stone Soup version 0.30-b1-2-g02819fbbbe (webtiles) character file.

Game seed: 7268433833006077870

4665 snakesoul the Fighter (level 10, -11/79 HPs)
             Began as a Djinni Earth Elementalist on May 29, 2023.
             Was an Initiate of Ashenzari.
             Killed from afar by an electric eel (14 damage)
             ... with a bolt of electricity
             ... on level 9 of the Dungeon.
             The game lasted 00:19:31 (8588 turns).

snakesoul the Fighter (Djinni Earth Elementalist)   Turns: 8588, Time: 00:19:32

Health: -11/79     AC:  2    Str:  7    XL:     10   Next: 71%
Gold:   597        EV: 16    Int: 20    God:    Ashenzari [......] SH:  0 Dex: 15

rFire   + + .        H - +3 long sword
rCold   x . .        (no shield)
rNeg    . . .        a - +0 robe of Ashenzari's Gnosis {Cun, Self} (curse)
rPois   ∞            (no helmet)
rElec   .            (no cloak)
rCorr   .            (no gloves)
SInv    .            (boots unavailable)
Will    +....        (no amulet)
Stlth   ++           (no ring)
HPRegen 0.33/turn    (no ring)
MPRegen 0.00/turn

%: infuse magic (-12 HP)
@: flying
A: sickness immunity, fire resistance 2, cold vulnerability 1, float, innate
caster, HP casting, extra vitality 1
a: Renounce Religion, Curse Item, Shatter the Chains


You were on level 9 of the Dungeon.
You worshipped Ashenzari.
Ashenzari was noncommittal.
You visited 2 branches of the dungeon, and saw 10 of its levels.

You collected 630 gold pieces.
You spent 33 gold pieces at shops.

Inventory:

Hand Weapons
 d - a +2 dagger of electrocution
 q - a +0 falchion
 H - a +3 long sword (weapon)
Missiles
 j - 65 stones
 F - a throwing net
Armour
 a - the cursed +0 robe of Ashenzari's Gnosis (worn) {Cun, Self}

   It has a curse which improves the following skills: Cunning: Dodging and
   Stealth.
   Introspection: Fighting and Spellcasting.
 o - the +3 scale mail of Agoraphobia {Int+2}
   (You found it on level 2 of the Dungeon)

   Int:       It affects your intelligence (+2).
 M - +0 steam dragon scales
 N - the +0 ring mail "Lemixtod" {rC+ Str+3 Dex+3}
   (You found it on level 8 of the Dungeon)

   Str:       It affects your strength (+3).
   Dex:       It affects your dexterity (+3).
   rC:        It protects you from cold.
Magical Staves
 y - a staff of fire
Jewellery
 I - a ring of protection from cold
Wands
 s - a wand of quicksilver (19)
 A - a wand of polymorph (28)
 D - a wand of mindburst (5)
 G - a wand of flame (29)
 O - a wand of iceblast (8)
Scrolls
 c - 3 scrolls of noise {unknown}
 e - 3 scrolls of magic mapping {unknown}
 f - a scroll of amnesia {unknown}
 i - a scroll of silence {unknown}
 k - 11 scrolls of identify {unknown}
 m - 8 scrolls of teleportation
 p - 3 scrolls of immolation {unknown}
 r - 2 scrolls of blinking {unknown}
 B - 2 scrolls of poison {unknown}
 C - 3 scrolls of fear {unknown}
 E - a scroll of enchant weapon {unknown}
 K - a scroll of fog {unknown}
 L - a scroll of torment {unknown}
Potions
 b - a potion of flight {unknown}
 g - 3 potions of heal wounds {unknown}
 h - 4 potions of attraction
 l - 7 potions of curing {unknown}
 n - 2 potions of ambrosia {unknown}
 t - a potion of degeneration {unknown}
 u - a potion of lignification {unknown}
 v - 3 potions of might {unknown}
 w - a potion of invisibility {unknown}
 x - a potion of mutation {unknown}
 z - 2 potions of brilliance {unknown}
 J - 2 potions of cancellation {unknown}


   Skills:
 * Level 9.3(9.7) Fighting
 + Level 7.7(8.1) Dodging
 - Level 1.5(1.9) Stealth
 * Level 7.8(8.2) Spellcasting


You knew the following spells:

 Your Spells              Type           Power      Damage    Failure   Level
a - Sandblast             Erth           82%        2d17      1%          1
b - Passwall              Tmut/Erth      34%        N/A       1%          2
c - Stone Arrow           Conj/Erth      82%        3d12      1%          3
d - Petrify               Tmut/Erth      41%        N/A       2%          4
e - Slow                  Hex            100%       N/A       1%          1
f - Poisonous Vapours     Pois/Air       82%        N/A       1%          2
g - Ignite Poison         Fire/Tmut/Pois 41%        N/A       1%          3
h - Olgreb's Toxic Radia  Pois           41%        N/A       2%          4
Your spell library was empty.

Dungeon Overview and Level Annotations

Branches:
Dungeon (9/15)             Temple (1/1) D:5            Lair (0/5) D:9
    Orc: D:9-12

Altars:
Ashenzari
Cheibriados
Dithmenos
Elyvilon
Fedhas
Gozag
Hepliaklqana
Makhleb
Nemelex Xobeh
Okawaru
Qazlal
Ru
Trog
Uskayaw
Wu Jian
Xom
Yredelemnul
Zin
The Shining One

Shops:
D:2 (?=?

Portals:
Bailey: D:9

Annotations:
D:4 3 runed translucent doors, NitroKuite's ghost, novice OpTm; diceflayer's ghost, amateur DsHu; emikaela's ghost, amateur FeRe; funkygono's ghost, amateur MiFi


Innate Abilities, Weirdness & Mutations

You are immune to sickness and miasma.
You are immune to poison.
Your flesh is very heat resistant. (rF++)
You are vulnerable to cold. (rC-)
You float through the air rather than walking.
You learn spells naturally, not from books.
Your magical power is your life essence.
You have superior vitality. (+4 MHP)


Message History

Aiming: Stone Arrow (safe; 1% risk of failure)
Press: ? - help, Shift-Dir - straight line, f/p - electric eel
Aim: an electric eel (severely wounded, 60% to hit)
The stone arrow hits the electric eel!!
You kill the electric eel!
You hear a splash.
The electric eel shoots out a bolt of lightning at you!
The bolt of electricity hits you!
* * * LOW HITPOINT WARNING * * *
Unknown command.
Casting: Stone Arrow (safe; 1% risk of failure)
Confirm with . or Enter, or press ? or * to list all spells.
Aiming: Stone Arrow (safe; 1% risk of failure)
Press: ? - help, Shift-Dir - straight line, f - electric eel
Aim: an electric eel (water, 60% to hit)
The stone arrow hits the electric eel.
The electric eel is moderately wounded.
* * * LOW HITPOINT WARNING * * *
Unknown command.
Casting: Stone Arrow (safe; 1% risk of failure)
Confirm with . or Enter, or press ? or * to list all spells.
Aiming: Stone Arrow (safe; 1% risk of failure)
Press: ? - help, Shift-Dir - straight line, f/p - electric eel
Aim: an electric eel (moderately wounded, 60% to hit)
The stone arrow misses the electric eel.
* * * LOW HITPOINT WARNING * * *
The electric eel shoots out a bolt of lightning at you!
The bolt of electricity hits you.
* * * LOW HITPOINT WARNING * * *
Casting: Stone Arrow (safe; 1% risk of failure)
Confirm with . or Enter, or press ? or * to list all spells.
Aiming: Stone Arrow (safe; 1% risk of failure)
Press: ? - help, Shift-Dir - straight line, f/p - electric eel
Aim: an electric eel (moderately wounded, 60% to hit)
The stone arrow misses the electric eel.
* * * LOW HITPOINT WARNING * * *
You hear the loud creaking of a very distant portcullis.
The electric eel shoots out a bolt of lightning at you!
The bolt of electricity hits you!
You die...

..## ##....)..........##
...###...............#.#####
...........................#
.........................<##
.........................##
.........................#
.........................#
...###...............##..#
..## ##.........@.....#..#
..# ..~≈~......##.### ..##
##...~~≈S†.....# ##
...###....~≈≈≈~......#
..........~~≈≈~.....##
...........~~~...##.#
.................. #.
.............#.... ##
..............#


You could see an electric eel.

Vanquished Creatures
  A boulder beetle (D:9)
  A hornet (D:9)
  Grinder (D:4)
  A wyvern (D:7)
  Eustachio (D:6)
  2 steam dragons
  2 ice beasts (D:7)
  2 orc warriors
  A black bear (D:6)
  4 centaurs
  4 ogres
  A kobold brigand (D:8)
  2 phantoms
  5 bullfrogs
  A necrophage (D:8)
  6 wights
  A howler monkey (D:4)
  2 electric eels (D:9)
  4 hounds
  3 jellies
  An orc priest (D:4)
  2 sleepcaps
  Ijyb (D:3)
  7 iguanas
  10 orc wizards
  A hound skeleton (D:8)
  Robin (D:2)
  6 adders
  3 gnolls (D:6)
  4 ufetubi
  2 worms (D:2)
  6 dart slugs
  34 orcs
  9 endoplasms
  9 giant cockroaches
  4 hobgoblins
  6 jackals
  7 kobolds
  2 quokkas
  4 ball pythons
  4 bats
  3 frilled lizards
  19 goblins
  5 rats
195 creatures vanquished.

Vanquished Creatures (others)
  4 plants (D:2)
4 creatures vanquished.

Grand Total: 199 creatures vanquished

Notes
Turn   | Place    | Note
-------+----------+-------------------------------------------
     0 | D:1      | snakesoul the Djinni Earth Elementalist began the quest for
                  | the Orb.
     0 | D:1      | snakesoul set off with the following spells memorised:
                  | Sandblast, Passwall, Stone Arrow, Petrify.
     0 | D:1      | Reached XP level 1. HP: 15/15 MP: 0/0
    66 | D:1      | Reached XP level 2. HP: 20/22 MP: 0/0
   330 | D:1      | Reached skill level 1 in Fighting
   344 | D:1      | Reached XP level 3. HP: 26/27 MP: 0/0
   344 | D:1      | Learned a level 1 spell: Slow
   718 | D:2      | Found Pitimnom's Magic Scroll Shop.
   725 | D:2      | Bought a scroll of teleportation for 33 gold pieces
   856 | D:2      | Reached XP level 4. HP: 31/32 MP: 0/0
   924 | D:2      | Found Upraqi's Magic Scroll Emporium.
  1140 | D:2      | Identified the +3 scale mail of Agoraphobia {Int+2}
  1228 | D:2      | Found Saaboqit's Antique Weapon Shop.
  1601 | D:2      | Noticed Robin
  1737 | D:2      | Killed Robin
  1739 | D:2      | Reached XP level 5. HP: 21/38 MP: 0/0
  1739 | D:2      | Learned a level 2 spell: Poisonous Vapours
  1842 | D:2      | Found Micesk's Jewellery Boutique.
  2211 | D:3      | Found a shadowy altar of Dithmenos.
  2223 | D:3      | Noticed Ijyb
  2228 | D:3      | Killed Ijyb
  2229 | D:3      | Reached skill level 2 in Fighting
  2354 | D:3      | Found a glowing golden altar of the Shining One.
  3003 | D:4      | Reached XP level 6. HP: 43/45 MP: 0/0
  3062 | D:4      | Reached skill level 3 in Fighting
  3377 | D:4      | Found an opulent altar of Gozag.
  3411 | D:4      | Reached XP level 7. HP: 39/50 MP: 0/0
  3411 | D:4      | Learned a level 3 spell: Ignite Poison
  3544 | D:4      | Found a shimmering altar of Xom.
  3545 | D:4      | Found a hazy altar of Hepliaklqana.
  3546 | D:4      | Noticed a spectral ugly thing
  3703 | D:4      | Noticed Grinder
  3706 | D:4      | Killed Grinder
  3707 | D:4      | Reached skill level 4 in Fighting
  3821 | D:4      | Found a runed translucent gate.
  3822 | D:4      | Found a runed translucent gate.
  3823 | D:4      | Found a runed translucent gate.
  3824 | D:4      | Noticed diceflayer's ghost (amateur DsHu)
  3824 | D:4      | Noticed funkygono's ghost (amateur MiFi)
  3824 | D:4      | Noticed diceflayer's ghost (amateur DsHu)
  3824 | D:4      | Noticed NitroKuite's ghost (novice OpTm)
  3824 | D:4      | Noticed emikaela's ghost (amateur FeRe)
  4166 | D:5      | Entered Level 5 of the Dungeon
  4260 | D:5      | Reached XP level 8. HP: 49/58 MP: 0/0
  4508 | D:5      | Reached skill level 5 in Fighting
  4508 | D:5      | Reached skill level 5 in Spellcasting
  4629 | D:5      | Found a staircase to the Ecumenical Temple.
  4647 | Temple   | Entered the Ecumenical Temple
  4666 | Temple   | Became a worshipper of Ashenzari the Shackled
  4739 | D:6      | Reached skill level 5 in Dodging
  5044 | D:6      | Reached skill level 6 in Fighting
  5097 | D:6      | Reached XP level 9. HP: 60/66 MP: 0/0
  5097 | D:6      | Learned a level 4 spell: Olgreb's Toxic Radiance
  5354 | D:6      | Noticed Eustachio
  5358 | D:6      | Killed Eustachio
  5436 | D:6      | Found a sparkling altar of Nemelex Xobeh.
  5824 | D:6      | Reached skill level 7 in Fighting
  6089 | D:7      | Found a blossoming altar of Fedhas.
  6281 | D:7      | Found an iron altar of Okawaru.
  6281 | D:7      | Found a white marble altar of Elyvilon.
  7068 | D:7      | Found a glowing silver altar of Zin.
  7092 | D:8      | Reached XP level 10. HP: 73/76 MP: 0/0
  7241 | D:8      | Reached skill level 8 in Fighting
  7467 | D:8      | Identified the +0 ring mail "Lemixtod" {rC+ Str+3 Dex+3}
  7473 | D:8      | Noticed a cyclops
  7971 | D:8      | Found a burning altar of Makhleb.
  8002 | D:9      | Found a staircase to the Lair.
  8007 | D:9      | Noticed a boulder beetle
  8018 | D:9      | Killed a boulder beetle
  8051 | D:9      | Found a flagged portal.
  8064 | D:9      | Reached skill level 9 in Fighting
  8588 | D:9      | Killed from afar by an electric eel

Illustrated notes

Levels and vault maps discovered:
D:1:      dpeg_arrival_round_a, layout_rooms
D:2:      layout_loops_corners, serial_forest, infiniplex_forest_3_way,
          infiniplex_forest_lined_corner, infiniplex_forest_lined_3,
          infiniplex_forest_pool, infiniplex_forest_corner_2,
          infiniplex_forest_straight_4, infiniplex_forest_clump_diagonal,
          serial_shops, nicolae_shop_crystal, nicolae_shop_just_a_little_nook,
          nicolae_shop_tiny_statue_garden,
          nicolae_shop_competitors_out_of_business, minivault_14,
          chequers_serial_rivers_large_b, uniq_robin
D:3:      layout_basic, tso_metal_star, mainiacjoe_overflow_six_doors_small,
          uniq_ijyb
D:4:      layout_gridville, regret_index_temple_of_mockery,
          nicolae_gozag_cash_rules_everything_around_me,
          gammafunk_ghost_cemetery, uniq_grinder
D:5:      layout_rooms, minmay_temple_entry_stoned_glass
D:6:      layout_basic, amcnicky_altar_gilded, uniq_eustachio
D:7:      layout_basic, kennysheep_little_box, fedhas_altar_1,
          jmf_multi_god_temple
D:8:      layout_basic, makhleb_blood_cavern_becter, lemuel_round_altar,
          wad_dig_loot
D:9:      layout_big_octagon, lemuel_zombie_altar_kikubaaqudgha,
          lair_entry_dummy, enter_bailey_5, chequers_decorated_corner,
          nzn_sisyphean_effort
Temple:   hellmonk_temple_two_chambers

Skill      XL: |  1  2  3  4  5  6  7  8  9 10 |
---------------+-------------------------------+-----
Fighting       | 1 2 3 4 6 7 9 |  9.3
Spellcasting   | 3 4 5 6 7 |  7.8
Dodging        | 3 4 5 6 7 |  7.7
Stealth        | |  1.5

Action                     |  1- 3 |  4- 6 |  7- 9 | 10-12 || total
---------------------------+-------+-------+-------+-------++-------
  Melee: Dagger            |     6 |    10 |       |       ||    16
         Punch             |       |     1 |       |       ||     1
         Falchion          |       |     4 |       |       ||     4
   Cast: Sandblast         |    45 |    63 |       |       ||   108
         Stone Arrow       |       |    20 |   127 |    45 ||   192
         Poisonous Vapours |       |       |     4 |     5 ||     9
         Ignite Poison     |       |       |     3 |     9 ||    12
         Slow              |       |       |     2 |       ||     2
         Petrify           |       |       |     1 |       ||     1
         Olgreb's Toxic Ra |       |       |       |     7 ||     7
 Invoke: Curse Item        |       |       |     1 |       ||     1
 Armour: Robe              |     2 |     7 |     3 |       ||    12
  Dodge: Dodged            |    15 |    38 |    21 |     7 ||    81
